 Dungeon Crawl Stone Soup version 0.20.0-15-g7f486f2 (webtiles) character file.

795 robba the Magician (level 7, -14/39 HPs)
             Began as a Deep Elf Earth Elementalist on June 26, 2017.
             Was an Initiate of Vehumet.
             Shot with an arrow by a centaur (16 damage)
             ... on level 6 of the Dungeon.
             The game lasted 00:53:48 (5659 turns).

robba the Magician (Deep Elf Earth Elementalist)    Turns: 5659, Time: 00:53:48

Health: -14/39     AC:  5    Str:  5    XL:     7   Next: 58%
Magic:  19/19      EV: 10    Int: 25    God:    Vehumet [......]
Gold:   243        SH:  0    Dex: 15    Spells: 6/19 levels left

rFire    + . .     SeeInvis .   n - +2 flail
rCold    . . .     Gourm    .   (no shield)
rNeg     . . .     Faith    .   k - +0 ring mail
rPois    .         Spirit   .   (no helmet)
rElec    .         Reflect  .   (no cloak)
rCorr    .         Harm     .   (no gloves)
MR       .....                  (no boots)
Stlth    ++........             (no amulet)
Regen    0.2/turn               g - +3 ring of intelligence
MPRegen  0.2/turn               (no ring)

@: no status effects
A: fire resistance 1, robust 1
a: Renounce Religion


You were on level 6 of the Dungeon.
You worshipped Vehumet.
Vehumet was noncommittal.
You were not hungry.

You visited 2 branches of the dungeon, and saw 7 of its levels.

You collected 269 gold pieces.
You spent 26 gold pieces at shops.

Inventory:

Hand Weapons
 n - a +2 flail (weapon)
 s - a +1 dagger of venom
Missiles
 a - 44 sling bullets
 h - 7 tomahawks of dispersal
 p - 61 stones (quivered)
Armour
 k - a +0 ring mail (worn)
Jewellery
 g - a +3 ring of intelligence (left hand)
Wands
 r - a wand of lightning (8/15)
Scrolls
 d - 3 scrolls of teleportation
 j - 4 scrolls of identify
 m - 2 scrolls of amnesia
 o - 2 scrolls of recharging
 q - 2 scrolls of noise
Potions
 i - a potion of mutation
Books
 e - a book of Geomancy

   Spells                             Type                      Level
   a - Sandblast                      Earth                        1
   b - Passwall                       Transmutation/Earth          2
   c - Stone Arrow                    Conjuration/Earth            3
   d - Petrify                        Transmutation/Earth          4
   e - Lee's Rapid Deconstruction     Earth                        5
Comestibles
 c - 2 royal jellies
 f - 5 chunks of flesh


   Skills:
 + Level 0.2 Fighting
 * Level 2.5 Maces & Flails
 + Level 1.7 Armour
 + Level 3.2 Dodging
 + Level 2.9 Stealth
 + Level 6.8 Spellcasting
 + Level 2.2 Conjurations
 + Level 1.1 Transmutations
 + Level 5.7 Earth Magic


You had 6 spell levels left.
You knew the following spells:

 Your Spells              Type           Power        Failure   Level  Hunger
a - Sandblast             Erth           #####.       3%          1    None
b - Stone Arrow           Conj/Erth      ####..       19%         3    None
c - Petrify               Tmut/Erth      ####....     58%         4    ###....
d - Lee's Rapid Deconstr  Erth           #####.....   63%         5    #####..


Dungeon Overview and Level Annotations

Branches:
Dungeon (6/15)             Temple (1/1) D:5

Altars:
Cheibriados
Dithmenos
Elyvilon
Fedhas
Gozag
Hepliaklqana
Kikubaaqudgha
Makhleb
Okawaru
Qazlal
Ru
Sif Muna
Trog
Uskayaw
Vehumet
Yredelemnul
Zin
The Shining One

Shops:
D:4 (


Innate Abilities, Weirdness & Mutations

Your flesh is heat resistant. (rF+)
You are robust. (+10% HP)


Message History

You hear some strange, mumbled words.
Something tries to affect you, but you resist.
You see here 2 arrows.
Casting: Sandblast
Confirm with . or Enter, or press ? or * to list all spells.
You can't see any susceptible monsters within range! (Use Z to cast anyway.)
Casting: Sandblast
Confirm with . or Enter, or press ? or * to list all spells.
You can't see any susceptible monsters within range! (Use Z to cast anyway.)
The centaur shoots an arrow.
The arrow hits you!
* * * LOW HITPOINT WARNING * * *
You hear some strange, mumbled words.
A puff of flame appears from out of thin air!
The puff of flame hits you! You resist.
* * * LOW HITPOINT WARNING * * *
You see here an arrow.
The centaur shoots an arrow.
The arrow closely misses you. Something hits you but does no damage.
The centaur shoots an arrow.
The arrow hits you!
You die...

.....##..$....... ......
.......c.. .....##....<....# #
........<..(...Z# .#
....(#.######...# ..#
.........####.#.###.#
.....##...##.^.(....#
...............(#...#..#
................@.......
.....(............##..##
..................# ..#
........)...)...#.##>.#
......................#
.........##........##
.........##........##### #
........###............#.##...
##.....## #........###......#


You could see a centaur and a bullfrog zombie.

Vanquished Creatures
  A black bear (D:5)
  2 scorpions (D:4)
  2 crimson imps
  3 hounds (D:4)
  3 jellies (D:2)
  An orc wizard (D:4)
  An iguana (D:6)
  3 worker ants (D:5)
  5 adders
  3 gnolls (D:2)
  10 oozes
  4 worms
  A dart slug (D:3)
  3 leopard geckos
  4 orcs (D:4)
  8 giant cockroaches
  4 goblins
  5 hobgoblins
  7 jackals
  16 kobolds
  7 quokkas
  9 bats
  5 frilled lizards
  7 rats
114 creatures vanquished.

Vanquished Creatures (others)
  9 toadstools (D:2)
9 creatures vanquished.

Grand Total: 123 creatures vanquished

Notes
Turn   | Place    | Note
-------+----------+-------------------------------------------
     0 | D:1      | robba the Deep Elf Earth Elementalist began the quest for the Orb.
     0 | D:1      | Reached XP level 1. HP: 10/10 MP: 6/6
   175 | D:1      | Learned a level 1 spell: Sandblast
   550 | D:1      | Reached XP level 2. HP: 15/15 MP: 6/8
   582 | D:2      | Found a shadowy altar of Dithmenos.
   582 | D:2      | Found an iron altar of Okawaru.
   582 | D:2      | Found an ancient bone altar of Kikubaaqudgha.
   710 | D:2      | Reached skill level 4 in Spellcasting
   713 | D:2      | Reached XP level 3. HP: 8/19 MP: 2/10
  1054 | D:2      | Learned a level 3 spell: Stone Arrow
  1060 | D:2      | Found a burning altar of Makhleb.
  1168 | D:2      | Reached XP level 4. HP: 7/24 MP: 10/12
  1341 | D:2      | Reached skill level 1 in Maces & Flails
  1341 | D:2      | Reached skill level 5 in Spellcasting
  1341 | D:2      | Reached XP level 5. HP: 6/28 MP: 8/14
  1863 | D:2      | Learned a level 4 spell: Petrify
  1869 | D:2      | Learned a level 5 spell: Lee's Rapid Deconstruction
  2917 | D:3      | Reached XP level 6. HP: 29/32 MP: 6/16
  3316 | D:4      | Reached skill level 1 in Conjurations
  3316 | D:4      | Reached skill level 5 in Earth Magic
  3346 | D:4      | Reached skill level 1 in Armour
  3736 | D:4      | Found Nunn's Weapon Shoppe.
  3748 | D:4      | Bought 22 stones for 26 gold pieces
  4102 | D:4      | Reached skill level 6 in Spellcasting
  4102 | D:4      | Reached XP level 7. HP: 36/36 MP: 14/18
  4343 | D:5      | Entered Level 5 of the Dungeon
  5025 | D:5      | Found a staircase to the Ecumenical Temple.
  5034 | Temple   | Entered the Ecumenical Temple
  5177 | Temple   | Became a worshipper of Vehumet
  5575 | D:6      | Gained mutation: Your magical capacity is low. (-10% MP) [potion of mutation]
  5575 | D:6      | Lost mutation: Your magical capacity is low. (-10% MP) [potion of mutation]
  5575 | D:6      | Gained mutation: Your flesh is heat resistant. (rF+) [potion of mutation]
  5575 | D:6      | Gained mutation: You are robust. (+10% HP) [potion of mutation]
  5659 | D:6      | Shot with an arrow by a centaur

Skill      XL: |  1  2  3  4  5  6  7 |
---------------+----------------------+-----
Spellcasting   | 4 5 6 |  6.8
Earth Magic    | 4 5 |  5.7
Maces & Flails | 1 2 |  2.5
Dodging        | 3 |  3.2
Conjurations   | 1 2 |  2.2
Armour         | 1 |  1.7
Fighting       | |  0.2
Stealth        | |  2.9
Transmutations | |  1.1

Action                   |  1- 3 |  4- 6 |  7- 9 || total
-------------------------+-------+-------+-------++-------
Melee: Whip              |     2 |       |       ||     2
       Short sword       |     2 |       |       ||     2
       Flail             |     5 |    90 |     1 ||    96
 Cast: Sandblast         |    33 |    59 |    30 ||   122
       Stone Arrow       |       |    26 |     2 ||    28
       Lee's Rapid Decon |       |     1 |       ||     1
  Use: Scroll            |     5 |     7 |     2 ||    14
       Potion            |       |       |     2 ||     2
 Stab: Distracted        |       |     1 |       ||     1
       Sleeping          |       |     1 |       ||     1
  Eat: Bread ration      |       |     2 |     1 ||     3
       Chunk             |       |     2 |     1 ||     3
Armor: Leather armour    |     4 |     5 |       ||     9
       Ring mail         |       |    53 |     7 ||    60
Dodge: Dodged            |    19 |    86 |    10 ||   115
